 Dungeon Crawl Stone Soup version 0.28-a0-863-g8cecda6153 (webtiles) character file.

Game seed: 14301663294551588606

555 frimble the Ruffian (level 7, -7/67 HPs)
             Began as a Troll Warper on Nov 19, 2021.
             Mangled by an ogre (19 damage)
             ... on level 5 of the Dungeon.
             The game lasted 00:03:03 (2712 turns).

frimble the Ruffian (Troll Warper)                  Turns: 2712, Time: 00:03:04

Health: -7/67      AC:  4    Str: 20    XL:     7   Next: 8%
Magic:  7/7        EV:  9    Int: 11    God:
Gold:   222        SH:  0    Dex:  9    Spells: 6/8 levels left

rFire   . . .      SeeInvis .     - Unarmed
rCold   . . .      Faith    .   (no shield)
rNeg    . . .      Spirit   .   a - +0 robe
rPois   .          Reflect  .   (helmet restricted)
rElec   .          Harm     .   (no cloak)
rCorr   .          Rampage  .   (gloves unavailable)
Will    .....                   (boots unavailable)
Stlth   +.........              (no amulet)
HPRegen 1.21/turn               (no ring)
MPRegen 0.10/turn               (no ring)

@: confused
A: large, unfitting armour, claws 3, regeneration 1, shaggy fur 1, tough skin 1
a: no special abilities


You were on level 5 of the Dungeon.
You visited 1 branch of the dungeon, and saw 5 of its levels.

You collected 222 gold pieces.

Inventory:

Missiles
 c - 5 boomerangs of dispersal (quivered)
 e - 2 curare-tipped darts
 h - 4 large rocks
Armour
 a - a +0 robe (worn)
Wands
 q - a wand of flame (27)
Scrolls
 b - 2 scrolls of blinking
 f - a scroll of magic mapping
 g - 2 scrolls of identify
 i - a scroll of fog
Potions
 d - 4 potions of heal wounds
 j - a potion of flight {unknown}
 k - 2 potions of haste {unknown}
 m - a potion of brilliance {unknown}
 n - a potion of lignification {unknown}
 o - 2 potions of curing {unknown}


   Skills:
 - Level 3.0 Fighting
 + Level 2.3 Throwing
 - Level 1.9 Dodging
 + Level 4.4 Unarmed Combat
 - Level 1.3 Spellcasting
 + Level 3.7 Translocations
 + Level 1.6 Evocations


You had 6 spell levels left.
You knew the following spells:

 Your Spells              Type           Power      Damage    Failure   Level
a - Blink                 Tloc           16%        N/A       11%         2

Your spell library contained the following spells:

 Spells                   Type           Power      Damage    Failure   Level
 Gell's Gravitas          Tloc           8%         N/A       21%         3
 Lesser Beckoning         Tloc           8%         N/A       21%         3
 Teleport Other           Tloc           8%         N/A       21%         3
 Manifold Assault         Tloc           8%         N/A       88%         5


Dungeon Overview and Level Annotations

Branches:
Dungeon (5/15)
 Temple: D:4-7

Altars:
Dithmenos
Qazlal

Shops:
D:4 *

Annotations:
D:4 1 runed translucent door, SirDiesAlot's ghost, amateur DECj


Innate Abilities, Weirdness & Mutations

You are too large for most types of armour.
You have claws for hands.
Your natural rate of healing is unusually fast.
You are covered in fur. (AC +1)
You have tough skin. (AC +1)


Message History

There is a stone staircase leading down here.
Memorise Blink, consuming 2 spell levels and leaving 6?
You start memorising the spell.
You continue memorising. x2
You finish memorising.
Spell assigned to 'a'.
You climb downwards.
There is a stone staircase leading up here.
You scratch the ogre.
The ogre is lightly wounded.
The ogre completely misses you.
You barely miss the ogre.
The ogre is lightly wounded.
The ogre barely misses you.
You scratch the ogre.
The ogre is lightly wounded.
You scratch the ogre.
The ogre is moderately wounded.
The ogre hits you with a +0 giant club!
You are too injured to fight recklessly!
You are too injured to fight recklessly!
You are too injured to fight recklessly!
You are too injured to fight recklessly!
You are too injured to fight recklessly!
A scorpion comes into view.
An orc and an orc wizard come into view.
The orc wizard shouts!
You hear a shout!
An orc comes into view. It is wielding a +0 dagger.
The orc moves out of view.
The orc shouts!
You hear a shout!
The scorpion stings you! The scorpion stings you.
The orc wizard casts a spell at you. The puff of flame hits you!
An orc comes into view. It is wielding a +0 whip.
The scorpion barely misses you.
The ogre hits you with a +0 giant club!!
* * * LOW HITPOINT WARNING * * *
The scorpion barely misses you. The orc wizard casts a spell at you.
You are confused.
The ogre hits you with a +0 giant club!!
You die...

..####..#
..#..#...
........# # ##
##...... ..##.#
......# .
.....##..##.#..
#.o#.........
#....O.......
#..o@s.......
..o...#..#......
..o..##<.##.....
..... ##.# #....
...# .... #...
### .....# ##.
........
#.........
#.....#..##


You could see an ogre, a scorpion, an orc wizard and 3 orcs.

Vanquished Creatures
  Grinder (D:4)
  A phantom (D:4)
  An orc priest (D:3)
  2 iguanas
  An orc wizard (D:3)
  Terence (D:2)
  A gnoll (D:1)
  6 adders
  An ufetubus (D:4)
  2 worms (D:2)
  3 dart slugs
  2 orcs
  4 endoplasms
  2 giant cockroaches
  5 goblins
  10 hobgoblins
  5 jackals
  6 kobolds
  6 quokkas
  11 ball pythons
  4 bats
  5 frilled lizards
  5 rats
85 creatures vanquished.

Vanquished Creatures (others)
  2 plants (D:4)
  2 withered plants (D:4)
4 creatures vanquished.

Grand Total: 89 creatures vanquished

Notes
Turn   | Place    | Note
-------+----------+-------------------------------------------
     0 | D:1      | frimble the Troll Warper began the quest for the Orb.
     0 | D:1      | Reached XP level 1. HP: 19/19 MP: 1/1
    17 | D:1      | Reached skill level 1 in Throwing
    53 | D:1      | Reached XP level 2. HP: 14/28 MP: 2/2
   162 | D:1      | Reached XP level 3. HP: 31/35 MP: 3/3
   553 | D:2      | Reached XP level 4. HP: 44/44 MP: 4/4
   651 | D:2      | Reached skill level 3 in Unarmed Combat
   809 | D:2      | You fall into a shaft and drop 2 floors!
   813 | D:4      | Found Cotim's Lightly-Used Armoury.
   948 | D:4      | Reached XP level 5. HP: 50/50 MP: 5/5
  1323 | D:2      | Noticed Terence
  1334 | D:2      | Killed Terence
  1387 | D:2      | Found a faded altar of an unknown god.
  1931 | D:3      | Found a stormy altar of Qazlal.
  2115 | D:3      | Reached XP level 6. HP: 48/61 MP: 6/6
  2498 | D:4      | Reached skill level 4 in Unarmed Combat
  2498 | D:4      | Reached skill level 1 in Evocations
  2540 | D:4      | Noticed Grinder
  2548 | D:4      | Found a runed translucent door.
  2548 | D:4      | Noticed SirDiesAlot's ghost (amateur DECj)
  2558 | D:4      | Killed Grinder
  2559 | D:4      | Reached XP level 7. HP: 57/67 MP: 7/7
  2666 | D:4      | Found a shadowy altar of Dithmenos.
  2694 | D:5      | Entered Level 5 of the Dungeon
  2700 | D:4      | Learned a level 2 spell: Blink
  2712 | D:5      | Mangled by an ogre

Illustrated notes

Levels and vault maps discovered:
D:1:      lightli_arrival_statuegarden, layout_rooms
D:2:      layout_basic, chequers_ecumenical_altar_twisty,
          minmay_misc_feat_four_crosses, uniq_terence
D:3:      layout_loops_ring, grunt_qazlal_clouds
D:4:      layout_rooms, kennysheep_mini, gammafunk_ghost_grave,
          minmay_shop_damaged, amcnicky_mini_corridor_feature,
          serial_bayou_pond_a, uniq_grinder
D:5:      layout_cave_pools, nzn_wu_jian_contemplation,
          overflow_temple_1_default, serial_bayou, serial_bayou_ford_a,
          serial_bayou_pond_d, serial_bayou_pond_d, serial_bayou_pond_c,
          serial_shops, shop, uniq_ijyb, uniq_sigmund

Skill      XL: |  1  2  3  4  5  6 |
---------------+-------------------+-----
Throwing       | 1 2 |  2.3
Fighting       | 2 3 |  3.0
Unarmed Combat | 3 4 |  4.4
Translocations | 3 |  3.7
Evocations     | 1 |  1.6
Dodging        | |  1.9
Spellcasting   | |  1.3

Action                   |  1- 3 |  4- 6 |  7- 9 || total
-------------------------+-------+-------+-------++-------
Melee: Unarmed           |   125 |   172 |     4 ||   301
       Punch             |     1 |       |       ||     1
Evoke: Wand              |       |     3 |       ||     3
  Use: Scroll            |       |     5 |     1 ||     6
 Stab: Sleeping          |     1 |     2 |       ||     3
Armor: Robe              |    48 |    41 |       ||    89
Dodge: Dodged            |    68 |    51 |     4 ||   123

Table legend: (Time is in decaauts)
 A = Elapsed time spent in this place.
 B = Non-inter-level travel time spent in this place.
 C = Inter-level travel time spent in this place.
 D = Time resting spent in this place.
 E = Time spent auto-exploring this place.
 F = Levels seen in this place.
 G = Mean time per level.
                   A        B        C        D        E       F      G
               +--------+--------+--------+--------+--------+-----+--------+
         Total |   2699 |   2570 |    129 |     21 |   1963 |   5 |  539.8 |
       Dungeon |   2699 |   2570 |    129 |     21 |   1963 |   5 |  539.8 |
               +--------+--------+--------+--------+--------+-----+--------+

Top non-repeatable levels by time:
     D:2: 949 daAuts
     D:3: 710 daAuts
     D:4: 541 daAuts
     D:1: 484 daAuts
     D:5: 12 daAuts
